 Dungeon Crawl Stone Soup version 0.23.1 (webtiles) character file.

Game seed: 1632083889265821003

24 Hylith the Gusty (level 2, 10/22 HPs)
             Began as a Draconian Air Elementalist on Mar 9, 2019.
             Quit the game on level 1 of the Dungeon.
             The game lasted 00:04:14 (715 turns).

Hylith the Gusty (Draconian Air Elementalist)        Turns: 715, Time: 00:04:15

Health: 10/22      AC:  4    Str: 10    XL:     2   Next: 79%
Magic:  3/5        EV: 12    Int: 15    God:
Gold:   10         SH:  0    Dex: 11    Spells: 4/5 levels left

rFire    . . .     SeeInvis .   g - +0 club
rCold    . . .     Gourm    .   (no shield)
rNeg     . . .     Faith    .   (armour unavailable)
rPois    .         Spirit   .   (helmet restricted)
rElec    .         Reflect  .   (no cloak)
rCorr    .         Harm     .   (no gloves)
MR       .....                  (no boots)
Stlth    ++........             (no amulet)
HPRegen  0.07/turn              (no ring)
MPRegen  0.09/turn              (no ring)

@: no status effects
A: unfitting armour, cold-blooded, AC +4
a: no special abilities


You were on level 1 of the Dungeon.
You were not hungry.

You visited 1 branch of the dungeon, and saw 1 of its levels.

You collected 10 gold pieces.

Inventory:

Hand Weapons
 g - a +0 club (weapon)
Scrolls
 c - 3 scrolls of remove curse {unknown}
 d - a scroll of enchant armour {unknown}
 e - a scroll of fear {unknown}
 f - a scroll of random uselessness {unknown}
Potions
 a - a potion of flight {unknown}
Comestibles
 b - 3 rations


   Skills:
 + Level 0.5 Fighting
 * Level 2.6 Dodging
 - Level 2.1 Stealth
 + Level 0.4 Unarmed Combat
 - Level 2.0 Spellcasting
 - Level 1.0 Conjurations
 - Level 3.0 Air Magic


You had 4 spell levels left.
You knew the following spells:

 Your Spells              Type           Power        Failure   Level  Hunger
a - Shock                 Conj/Air       #...         10%         1    #......

Your spell library contained the following spells:

 Spells                   Type           Power        Failure   Level  Hunger
 Swiftness                Chrm/Air       #.......     19%         2    ###....
 Static Discharge         Conj/Air       #.......     28%         3    ###....
 Airstrike                Air            ##........   54%         4    #####..
 Lightning Bolt           Conj/Air       #.........   95%         5    ######.


Dungeon Overview and Level Annotations

Branches:
Dungeon (1/15)

Altars:


Innate Abilities, Weirdness & Mutations

Your plain brown scales are hard. (AC +4)
You cannot fit into any form of body armour.
You are cold-blooded and may be slowed by cold attacks.


Message History

You hit the hobgoblin.
Your tail-slap misses the hobgoblin.
The hobgoblin is almost dead.
The hobgoblin hits you with a +0 club.
* * * LOW HITPOINT WARNING * * *
Casting: Shock (safe; 10% risk of failure)
Confirm with . or Enter, or press ? or * to list all spells.
Aiming: Shock (safe; 10% risk of failure)
Press: ? - help, Shift-Dir - straight line The zap misses the hobgoblin.
The zap hits the hobgoblin.
You kill the hobgoblin!
b - 3 rations (gained 1)
You see here a +0 club.
g - a +0 club
g - a +0 club (weapon)
Your magical contamination has completely faded away.
You see here 19 bolts.
Found a stone staircase leading down.
Unknown command.
Unknown command.
Are you sure you want to abandon this character and quit the game? (Confirm with "yes".)

..........##<.≈≈≈≈≈...# #.# ##
.########.##..8≈8≈8.### #.####.
.# #.###.#####.# #.##..# .# #.#
##.....## #.##.#. .# ####.#
####### #.##.## .# #....# #.##.##
(# #.#### ####### #.##.# .# #.#
#...>.######.##.## .# #.# #@#
............. .#####.# #.#
#######..#.## (......#########.#
##.#.## #.###..##.....##.#
#####.#.## #.#
#..##.###.##(#######.......(. #.#
#..##.#...............##.#.## #.#
#..##.#.#.##.#######..##.#.##
#.###..##...........# #......#.##
.......####.#.......###...####.##


There were no monsters in sight!

Vanquished Creatures
  A leopard gecko (D:1)
  A ball python (D:1)
  2 giant cockroaches (D:1)
  A goblin (D:1)
  4 hobgoblins (D:1)
  4 jackals (D:1)
  2 bats (D:1)
  A frilled lizard (D:1)
  2 kobolds (D:1)
  2 rats (D:1)
20 creatures vanquished.

Notes
Turn   | Place    | Note
-------+----------+-------------------------------------------
     0 | D:1      | Hylith the Draconian Air Elementalist began the quest for
                  | the Orb.
     0 | D:1      | Reached XP level 1. HP: 14/14 MP: 3/3
   229 | D:1      | Reached XP level 2. HP: 5/20 MP: 1/5
   715 | D:1      | Quit the game

Skill      XL: |  1 |
---------------+----+-----
Stealth        | 2 |  2.1
Dodging        | 2 |  2.6
Fighting       | |  0.5
Unarmed Combat | |  0.4
Spellcasting   | |  2.0
Conjurations   | |  1.0
Air Magic      | |  3.0

Action                   || total
-------------------------++-------
Melee: Unarmed           ||    36
       Tailslap          ||     2
 Cast: Shock             ||    32
 Stab: Sleeping          ||     1
Armor: Skin              ||    19
Dodge: Dodged            ||    38
